Map: 죽음의 요람

Players

Click

  • Race: Zerg Zerg
  • Spawn Location: 0:00

버러지

  • Race: Terran Terran
  • Spawn Location: 0:00

VOD

Have the link to the VOD?

Description

Time

  • Played on: Feb. 21, 2019, 9:15 a.m.
  • Length: 23:35
Show
View Real Time Build Order
Export as new Build Order

Click Zerg 

Build Orders:  

Get SALT Encoding   

  12  0:05  Drone  
  13  0:11  Drone  
  14  0:23  Unknown  
  14  0:25  Overlord  
  14  0:42  Drone, Extractor  
  14  0:43  Drone, Extractor  
  14  1:16  Drone x2  
  16  1:26  Drone x2  
  16  1:28  Roach Warren  
  17  2:04  Drone  
  17  2:05  Drone  
  17  2:07  Drone  
  20  2:10  Overlord  
  20  2:15  Roach  
  22  3:05  Roach  
  22  3:08  Drone  
  23  3:10  Lair  
  23  3:11  Drone x2  
  23  3:19  Evolution Chamber  
  24  3:27  Brutalisk  
  24  4:36  Drone x2  
  26  4:42  Incubation Chamber  
  26  4:44  Infestation Pit  
  26  4:49  Roach  
  27  4:57  Bio-Mechanical Transfusion  
  27  4:59  Virulent Microbes  
  27  5:18  Hive  
  27  5:20  Overlord x2  
  27  5:27  Zerg Missile Weapons Level 1  
  27  5:47  Unknown  
  27  5:50  Hatchery  
  27  5:54  Extractor  
  27  5:55  Extractor  
  24  6:02  Drone x5  
  24  6:03  Drone x2  
  31  6:25  Roach  
  31  6:47  Brutalisk, Zerg Ground Armor Level 1  
  31  6:49  Roach  
  33  6:52  Drone x3  
  33  6:53  Paralytic Barbs  
  33  6:56  Drone x2  
  38  7:12  Drone x4  
  38  7:16  Roach  
  42  7:38  Brutalisk  
  42  7:55  Queen  
  42  7:56  Queen  
  46  8:22  Drone x3  
  46  8:25  Queen  
  49  8:46  Drone  
  49  8:48  Overlord x3  
  49  8:49  Zerg Missile Weapons Level 2  
  52  8:53  Queen  
  52  8:56  Spire  
  51  9:09  Unknown  
  53  9:21  Greater Spire  
  53  9:29  Unknown  
  53  10:24  Zerg Ground Armor Level 2  
  53  10:44  Drone x2  
  55  11:13  Viper x3  
  69  11:20  Corrosive Spray  
  64  11:33  Overseer x2  
  64  12:04  Zerg Flyer Armor Level 1  
  64  12:33  Viper  
  64  12:35  Unknown  
  64  12:46  Viper  
  67  13:00  Zerg Missile Weapons Level 3  
  67  13:02  Overlord x4  
  67  13:03  Overlord x4  
  67  13:08  Unknown, Leviathan  
  66  13:12  Drone x2  
  66  13:14  Viper  
  68  13:24  Zerg Flyer Weapons Level 1  
  68  13:27  Viper  
  71  13:54  Viper  
  71  14:02  Leviathan  
  71  14:07  Drone  
  90  14:50  Zerg Ground Armor Level 3  
  74  14:53  Overseer x2  
  74  14:54  Overseer  
  74  14:56  Overlord x3  
  74  14:57  Overlord x2  
  74  14:58  Zerg Flyer Weapons Level 2  
  74  16:33  Zerg Flyer Armor Level 2  
  74  16:44  Mutalisk x2  
  74  16:45  Mutalisk x3  
  84  16:56  Unknown  
  84  17:04  Mutalisk, Roach  
  84  17:05  Roach x8  
  102  17:16  Unknown  
  102  17:32  Leviathan  
  102  17:53  Mutalisk x2  
  102  17:54  Mutalisk x2  
  102  18:11  Devourer x2  
  102  18:12  Devourer x2  
  102  18:24  Roach  
  102  18:26  Mutalisk x2  
  102  18:27  Mutalisk x4  
  116  18:30  Zerg Flyer Weapons Level 3  
  116  18:52  Mutalisk  
  116  18:53  Mutalisk x5  
  116  19:10  Devourer  
  116  19:11  Devourer x5  
  116  19:13  Roach  
  116  19:14  Roach x6  
  130  20:10  Mutalisk x3  
  130  20:11  Mutalisk  
  138  20:20  Zerg Flyer Armor Level 3  
  138  20:22  Unknown  
  138  20:41  Glial Reconstitution  
  138  21:18  Overlord x2  
  138  21:19  Overseer x2, Overlord  
  138  21:26  Mutalisk  
  138  21:29  Mutalisk  
  134  21:36  Adaptive Plating  
  134  21:44  Devourer  
  134  21:47  Devourer  
  134  22:31  Hydriodic Bile  
Show
View Real Time Build Order
Export as new Build Order

버러지 Terran 

Build Orders:  

Get SALT Encoding   

  12  0:03  SCV  
  13  0:20  SCV  
  13  0:21  Unknown  
  14  0:38  Barracks, SCV  
  15  0:53  Supply Depot  
  15  0:56  SCV  
  16  1:14  SCV  
  17  1:31  Orbital Command  
  17  1:57  Command Center  
  17  2:04  Marine  
  17  2:09  SCV  
  19  2:18  Refinery  
  19  2:20  Marine  
  19  2:26  SCV  
  19  2:28  Supply Depot  
  21  2:31  Marine  
  22  2:43  SCV  
  22  2:44  Marine  
  24  2:56  Refinery  
  24  3:00  Barracks, SCV  
  24  3:06  Marine  
  25  3:17  SCV  
  25  3:19  Barracks Tech Lab  
  26  3:34  SCV  
  26  3:36  Marine  
  28  3:45  Stabilizer Medpacks  
  28  3:50  Orbital Command  
  28  3:52  Bunker  
  28  3:53  Medic  
  30  4:05  Unknown  
  30  4:22  Medic  
  30  4:23  Marine  
  30  4:28  SCV  
  34  4:35  Engineering Bay  
  34  4:39  Engineering Bay  
  34  4:54  SCV  
  35  5:18  Command Center  
  35  5:20  Orbital Command  
  35  5:27  Terran Infantry Weapons Level 1  
  35  5:28  Terran Infantry Armor Level 1  
  35  5:34  Factory, Barracks Tech Lab  
  35  5:44  Unknown  
  35  5:48  SCV  
  36  5:58  SCV  
  37  6:04  Juggernaut Plating, Concussive Shells  
  37  6:05  SCV  
  38  6:14  Firebat  
  38  6:15  Marauder  
  42  6:23  SCV  
  42  6:24  Refinery, SCV  
  44  6:35  Firebat  
  46  6:56  Marauder  
  48  7:12  SCV x2  
  48  7:17  Incinerator Gauntlets  
  50  7:22  Armory  
  50  7:28  Barracks  
  50  7:30  Barracks  
  50  7:41  SCV x2  
  52  7:50  Supply Depot  
  52  7:58  SCV x2  
  54  8:14  SCV  
  54  8:15  SCV  
  56  8:26  Command Center  
  55  8:37  Firebat x2  
  55  8:39  Command Center  
  59  8:49  SCV x2  
  61  8:50  Terran Infantry Weapons Level 2  
  61  8:51  Terran Infantry Armor Level 2  
  61  8:52  Afterburners  
  61  9:00  Barracks Reactor  
  61  9:01  Barracks Reactor  
  61  9:03  Barracks Tech Lab  
  61  9:22  Orbital Command  
  61  9:37  SCV, Command Center  
  61  9:38  SCV  
  63  9:53  Advanced Optics  
  63  9:54  SCV  
  63  9:56  Replenishable Magazine  
  63  9:58  Vulture  
  64  10:00  Marine x3  
  64  10:04  Marine, Medic  
  64  10:08  Vulture  
  72  10:19  Marine x2  
  74  10:20  Marine  
  74  10:21  Marauder  
  74  10:23  Medic  
  81  10:32  Orbital Command x2  
  81  10:42  Marine x2  
  81  10:49  SCV  
  66  10:50  SCV  
  84  10:55  Vulture  
  84  10:56  Supply Depot, Cerberus Mines  
  87  11:06  Vulture, SCV  
  90  11:14  Marine x3  
  90  11:15  Marine  
  90  11:16  Firebat  
  90  11:17  Marauder  
  98  11:33  Marine x2  
  98  11:34  Marine x3  
  98  11:35  Medic  
  105  11:40  Vulture  
  105  11:45  Medic  
  109  11:50  Vulture, Orbital Command  
  109  11:53  SCV x2  
  109  11:56  Refinery  
  113  12:00  Command Center  
  112  12:40  Siege Tank  
  112  12:42  Marine  
  112  12:43  Marine  
  112  12:44  Medic  
  112  12:45  Medic  
  121  12:55  Supply Depot  
  121  12:58  Terran Infantry Weapons Level 3, Supply Depot, Terran Infantry Armor Level 3  
  121  12:59  Supply Depot  
  121  13:03  Supply Depot  
  121  13:09  Supply Depot  
  121  13:10  Unknown  
  121  13:13  Supply Depot  
  121  13:14  Marine x4  
  121  13:15  Medic x2  
  121  13:18  Command Center x2  
  129  13:57  Marine, Missile Turret  
  129  13:58  Marine x4, Missile Turret  
  129  13:59  Marine, Missile Turret x2  
  129  14:02  Missile Turret  
  129  14:04  Missile Turret  
  135  14:18  Barracks  
  135  14:19  Barracks  
  135  14:32  Marine x4  
  135  14:33  Medic x2  
  143  14:45  Siege Tank  
  146  14:53  Barracks  
  146  14:58  Barracks  
  146  15:04  Barracks  
  143  15:50  Orbital Command  
  143  16:08  Marine  
  143  16:09  Marine x2  
  143  16:15  Orbital Command  
  146  16:26  Orbital Command  
  146  16:27  Orbital Command  
  146  16:32  Marine x5  
  146  16:33  Marine x2  
  146  16:37  Barracks Tech Lab  
  146  16:38  Barracks Tech Lab  
  153  16:44  Siege Tank  
  156  16:51  Siege Tank  
  156  17:04  Siege Tank  
  159  17:33  Structure Armor  
  159  17:35  Missile Turret  
  156  17:40  Missile Turret x2  
  156  17:41  Missile Turret  
  156  17:43  Missile Turret  
  156  17:46  Missile Turret  
  156  17:55  Siege Tank  
  156  17:56  Siege Tank x2  
  155  18:07  Barracks Tech Lab  
  155  18:08  Factory  
  155  18:09  Barracks Reactor x2  
  155  18:12  Factory  
  155  18:16  Siege Tank  
  155  18:17  Siege Tank  
  155  18:18  Siege Tank  
  158  18:32  Marine  
  158  18:33  Marine x4  
  158  18:34  Marine x2  
  158  18:35  Medic x2  
  169  18:44  Firebat x2  
  173  18:52  Marine  
  173  18:53  Marine  
  175  19:09  Siege Tank x4  
  175  19:44  Medic  
  175  19:45  Medic  
  181  20:04  Terran Vehicle and Ship Weapons Level 1  
  181  20:05  Barracks Tech Lab  
  181  20:06  Barracks Tech Lab  
  181  20:20  Unknown  
  181  20:23  Medic  
  181  20:34  Siege Tank x3  
  189  21:13  Siege Tank  
  189  21:34  Siege Tank  
  189  21:35  Siege Tank  
  189  21:37  Siege Tank  
  198  21:42  Siege Tank x6  
  198  21:45  Siege Tank x3  
  198  22:50  Armory  
Tags
 
Add a new tag
Caveats
  • Supply blocks, unpowered buildings, or Contaminate may cause inaccurate times.
  • Supply counts are checked every 10 seconds.